AoeStats
← Fede_II

Arabian Desert

509956126Analyzed
1v1 RM · 2d ago on Sep 28, 2026· 44m 51s· 2 players
Game mode
Random Map
Map size
Tiny (2 player)
Population
200
Speed
Normal
Resources
Standard
Victory
Conquest
Starting age
Dark Age
Ending age
Imperial Age
RankedLock teamsTeams togetherTeam positionsShared explorationLock speedFull tech treeHidden civsTurbo modeCheats
Victory
Defeat
🇫🇷 Saxons · France
1064
+14
🇨🇭 Danes · Switzerland
1028
-14
Fede_II
7:24 Loom
9:40 Feudal Age
10:57 Double-Bit Axe
10:52 Man-at-Arms
15:30 Horse Collar
24:31 Castle Age
22:49 Fletching
24:39 Padded Archer Armor
24:40 Scale Mail Armor
24:36 Stone Mining
24:41 Gold Mining
24:49 Arson
25:21 Forging
25:04 Crossbowman
26:14 Bodkin Arrow
26:29 Town Watch
32:17 Wheelbarrow
33:24 Gambesons
39:51 Long Swordsman
40:45 Hamask
42:52 Squires
47:47 Imperial Age
Mont rouge de sang
10:44 Feudal Age
9:38 Loom
10:52 Man-at-Arms
11:49 Gold Mining
11:48 Horse Collar
14:39 Scale Mail Armor
16:05 Forging
25:35 Castle Age
23:51 Arson
24:59 Fletching
26:57 Double-Bit Axe
27:08 Bodkin Arrow
27:38 Town Watch
28:29 Wheelbarrow
34:09 Imperial Age
34:31 Chain Mail Armor
35:16 Conscription
35:56 Squires
35:42 Gambesons
37:24 Ballistics
37:07 Bracer
37:03 Long Swordsman
38:11 Chain Mail Armor
37:44 Two-Handed Swordsman
39:58 Plate Mail Armor
42:57 Iron Casting
43:02 Shield Wall
43:47 Elite Hearth Troop
44:17 Champion
Connection lost

Rejoining the realm…

Still unreachable

The connection could not be restored.

Session expired

The server has moved on; the page needs a fresh start.